 Dungeon Crawl Stone Soup version 0.21.1-1-g345015f (webtiles) character file.

138 Sailor the Ducker (level 5, 0/28 HPs)
             Began as a Spriggan Berserker on May 25, 2018.
             Was a Priest of Trog.
             Killed by nerve-wracking pain
             ... invoked by an orc priest
              (13 damage)
             ... on level 4 of the Dungeon.
             The game lasted 00:21:11 (3987 turns).

Sailor the Ducker (Spriggan Berserker)              Turns: 3987, Time: 00:21:12

Health: 0/28       AC:  4    Str: 13    XL:     5   Next: 1%
Magic:  6/6        EV: 21    Int:  9    God:    Trog [***...]
Gold:   151        SH:  0    Dex: 16    Spells: 4/4 levels left

rFire    . . .     SeeInvis +     - Unarmed
rCold    . . .     Gourm    .   (shield restricted)
rNeg     . . .     Faith    .   a - +0 animal skin
rPois    .         Spirit   .   (helmet restricted)
rElec    .         Reflect  .   t - +1 cloak
rCorr    .         Harm     .   (gloves unavailable)
MR       .....                  (boots unavailable)
Stlth    ++........             (no amulet)
HPRegen  0.09/turn              (no ring)
MPRegen  0.10/turn              (no ring)

@: berserk cooldown, slowed, quick
A: very small, unfitting armour, see invisible, herbivore, speed 3, slow
metabolism 2
a: Berserk, Trog's Hand, Burn Spellbooks, Renounce Religion


You were on level 4 of the Dungeon.
You worshipped Trog.
Trog was most pleased with you.
You were hungry.

You visited 1 branch of the dungeon, and saw 4 of its levels.

You collected 151 gold pieces.

Inventory:

Hand Weapons
 o - a +0 hunting sling
   (You found it on level 3 of the Dungeon)
Missiles
 g - 10 arrows
 h - 74 stones (quivered)
 i - 33 poisoned needles
 n - 20 bolts
Armour
 a - a +0 animal skin (worn)
 t - a +1 cloak (worn)
   (You found it on level 3 of the Dungeon)
Jewellery
 c - an uncursed ring of stealth {unknown}
   (You found it on level 1 of the Dungeon)
Wands
 p - a wand of paralysis (9)
   (You found it on level 3 of the Dungeon)
Scrolls
 f - 2 scrolls of noise
 l - a scroll of teleportation
 m - a scroll of immolation
Potions
 d - 2 potions of degeneration {unknown}
 e - a potion of heal wounds
 j - 3 potions of brilliance
 k - 3 potions of mutation {unknown}
 r - 2 potions of might {unknown}
 s - a potion of lignification {unknown}
Comestibles
 b - 4 rations


   Skills:
 * Level 3.5 Fighting
 + Level 5.3 Dodging
 + Level 3.2 Stealth
 + Level 2.9 Unarmed Combat


You had 4 spell levels left.
You didn't know any spells.

Dungeon Overview and Level Annotations

Branches:
Dungeon (4/15)
 Temple: D:4-7

Altars:
Nemelex Xobeh
Xom
The Shining One

Annotations:
D:4 exclusion: worker ant


Innate Abilities, Weirdness & Mutations

You are very small and have problems with some larger weapons.
You are too small for most types of armour.
You have supernaturally acute eyesight. (SInv)
You are a herbivore.
You cover ground extremely quickly.
You need consume almost no food.


Message History

Trog accepts your kill.
Things that are here:
a whip; an orc corpse You hit the orc but do no damage.
You hit the orc.
The orc is almost dead.
The orc priest invokes the aid of Beogh against you.
Beogh smites you!
You barely miss the orc.
The orc is almost dead.
The orc completely misses you.
You hit the orc.
You kill the orc!
Trog accepts your kill.
You have reached level 5!
You feel clever.
You hit the orc priest but do no damage.
The orc priest barely misses you.
You closely miss the orc priest. You closely miss the orc priest.
The orc priest closely misses you.
You hit the orc priest.
The orc priest is lightly wounded.
The orc priest hits you but does no damage.
You barely miss the orc priest.
The orc priest is lightly wounded.
You barely miss the orc priest.
The orc priest is lightly wounded.
The orc priest invokes the aid of Beogh against you.
Beogh smites you!
You hit the orc priest.
The orc priest is heavily wounded.
You hit the orc priest but do no damage.
The orc priest is heavily wounded.
The orc priest closely misses you.
You closely miss the orc priest.
The orc priest is heavily wounded.
You are no longer berserk.
You are exhausted.
You feel yourself slow down.
You feel much better.
The orc priest hits you with a hand axe.
The orc priest hits you but does no damage.
You hit the orc priest but do no damage.
The orc priest is moderately wounded.
The orc priest invokes the aid of Beogh against you.
Pain shoots through your body!
Ouch! That really hurt!
You feel much better. The orc priest completely misses you.
The orc priest closely misses you.
You hit the orc priest.
The orc priest is heavily wounded.
The orc priest closely misses you.
You closely miss the orc priest.
The orc priest is heavily wounded.
The orc priest misses you.
You barely miss the orc priest.
The orc priest is heavily wounded.
The orc priest barely misses you. The orc priest misses you.
You hit the orc priest but do no damage.
The orc priest is heavily wounded.
The orc priest closely misses you.
You hit the orc priest but do no damage.
The orc priest is heavily wounded.
The orc priest completely misses you.
You hit the orc priest but do no damage.
The orc priest is heavily wounded.
The orc priest misses you.
You hit the orc priest.
The orc priest is heavily wounded.
The orc priest looks satisfied for a moment.
The orc priest hits you but does no damage.
You closely miss the orc priest.
The orc priest is heavily wounded.
The orc priest hits you with a hand axe.
You barely miss the orc priest.
The orc priest is heavily wounded.
The orc priest hits you with a hand axe.
You eat one of the 5 rations.
You are feeling hungry.
That ration really hit the spot!
The orc priest barely misses you.
The orc priest looks braver for a moment.
You hit the orc priest.
The orc priest is severely wounded.
The orc priest hits you with a hand axe!
You barely miss the orc priest.
The orc priest is severely wounded.
The orc priest completely misses you.
You barely miss the orc priest.
The orc priest is severely wounded.
The orc priest misses you. The orc priest barely misses you.
Press: ? - help, v - describe, . - travel, g - get item
Here: an orc priest, wielding a hand axe (severely wounded)
A ring mail.
There is something else lying underneath.
The floor, spattered with blood.
You closely miss the orc priest.
The orc priest is severely wounded.
The orc priest mumbles some strange prayers to Beogh against you.
Pain shoots through your body!
You die...

###########
#..@oo.....
#.#########
#######.#####
.<..........#
#######.#####
...........#
#######.##.#
#...#.#
#...#.#


You could see an orc priest and an orc.

Vanquished Creatures
  4 adders
  An ooze (D:2)
  3 worms (D:3)
  A leopard gecko (D:2)
  5 orcs
  A ball python (D:2)
  3 giant cockroaches
  14 hobgoblins
  8 jackals
  7 kobolds
  2 quokkas (D:3)
  9 bats
  6 frilled lizards
  7 goblins
  A leopard gecko skeleton (D:2)
  A quokka skeleton (D:4)
  8 rats
81 creatures vanquished.

Notes
Turn   | Place    | Note
-------+----------+-------------------------------------------
     0 | D:1      | Sailor the Spriggan Berserker began the quest for the Orb.
     0 | D:1      | Reached XP level 1. HP: 11/11 MP: 2/2
   268 | D:1      | Reached skill level 1 in Stealth
   268 | D:1      | Reached XP level 2. HP: 10/16 MP: 3/3
   599 | D:1      | Reached ** piety under Trog
  1063 | D:2      | Reached XP level 3. HP: 18/19 MP: 4/4
  1165 | D:2      | Reached skill level 3 in Fighting
  1165 | D:2      | Reached skill level 2 in Stealth
  1213 | D:2      | Found a shimmering altar of Xom.
  1614 | D:2      | Reached skill level 5 in Dodging
  1656 | D:2      | Found a sparkling altar of Nemelex Xobeh.
  1735 | D:2      | Reached XP level 4. HP: 24/24 MP: 5/5
  2307 | D:3      | Found a sparkling altar of Nemelex Xobeh.
  2370 | D:3      | Found a glowing golden altar of the Shining One.
  2435 | D:3      | Reached skill level 3 in Stealth
  3567 | D:3      | Reached *** piety under Trog
  3961 | D:4      | Reached XP level 5. HP: 28/28 MP: 6/6
  3987 | D:4      | Killed from afar by an orc priest

Skill      XL: |  1  2  3  4 |
---------------+-------------+-----
Stealth        | 1 2 3 |  3.2
Fighting       | 3 |  3.5
Dodging        | 5 |  5.3
Unarmed Combat | |  2.9

Action                   |  1- 3 |  4- 6 || total
-------------------------+-------+-------++-------
Melee: Unarmed           |   174 |   162 ||   336
       Punch             |     4 |     2 ||     6
 Fire: Hunting sling     |       |    63 ||    63
Throw: Stone             |    16 |    44 ||    60
Invok: Berserk           |     2 |     1 ||     3
       Trog's Hand       |     1 |       ||     1
  Use: Scroll            |     2 |     6 ||     8
       Potion            |       |     2 ||     2
 Stab: Sleeping          |     1 |     3 ||     4
  Eat: Ration            |       |     2 ||     2
Armor: Animal skin       |    13 |    13 ||    26
Dodge: Dodged            |   150 |   124 ||   274

Vault maps used:
D:1:      sevenhm_arrival_forest_fort_large_4, minivault_24, st_stairs_3
D:2:      lemuel_crystal_altar, nemelex_dance_club_becter
D:3:      minmay_diamond_boxcup, tso_altar, old_standard_altar, first_ration
D:4:      kennysheep_mini_moat, grunt_temple_overflow_open, uniq_edmund

Table legend:
 A = Turns spent in this place as a percentage of turns spent in the entire game.
 B = Non-inter-level travel turns spent in this place as a percentage of non-inter-level travel turns spent in the entire game.
 C = Inter-level travel turns spent in this place as a percentage of turns spent in this place.
 D = Turns resting spent in this place as a percentage of non-inter-level travel turns spent in this place.
 E = Turns spent auto-exploring this place as a percentage of non-inter-level travel turns spent in this place.
 F = Non-inter-level travel turns spent in this place divided by the number of levels of this place that you've seen.
                   A       B       C       D       E      F
               +-------+-------+-------+-------+-------+----------------------
         Total | 100.0 | 100.0 |   2.3 |  21.8 |  17.3 | 974.2
       Dungeon | 100.0 | 100.0 |   2.3 |  21.8 |  17.3 | 974.2
               +-------+-------+-------+-------+-------+----------------------

Table legend:
 A = Kills in this place as a percentage of kills in entire the game.
 B = Kills by you in this place as a percentage of kills by you in the entire game.
 C = Kills by friends in this place as a percentage of kills by friends in the entire game.
 D = Other kills in this place as a percentage of other kills in the entire game.
 E = Experience gained in this place as a percentage of experience gained in the entire game.
 F = Experience gained in this place divided by the number of levels of this place that you have seen.
                   A       B       C       D       E      F
               +-------+-------+-------+-------+-------+----------------------
         Total | 100.0 | 100.0 |   N/A |   N/A | 100.0 |  49.5
       Dungeon | 100.0 | 100.0 |   N/A |   N/A | 100.0 |  49.5
               +-------+-------+-------+-------+-------+----------------------
